 Dungeon Crawl Stone Soup version 0.17.2 (webtiles) character file.

202 ololoev the Slasher (level 5, -7/41 HPs)
             Began as a Mummy Chaos Knight on June 29, 2016.
             Splashed by a jelly's acid (8 damage)
             ... on level 6 of the Dungeon.
             The game lasted 00:03:19 (2371 turns).

ololoev the Slasher (Mummy Chaos Knight)            Turns: 2371, Time: 00:03:20

Health: -7/41      AC: -5    Str: 16    XL:     5   Next: 50%
Magic:  5/5        EV: 11    Int: 11    God:    Xom [.*....]
Gold:   130        SH:  0    Dex: 12    Spells: 0 memorised, 4 levels left

rFire  . . .     SeeInvis .     b - +1 dagger (venom)
rCold  + . .     Clarity  .     g - +2 leather armour
rNeg   + + +     SustAt   .     (no shield)
rPois  ∞         Gourm    .     m - +0 helmet
rElec  .         Spirit   .     (no cloak)
rCorr  .         Warding  .     (no gloves)
rMut   .         Stasis   .     (no boots)
MR     .....                    (no amulet)
Stlth  +.........               (no ring)
                                c - ring of protection from fire

@: corroded equipment, not resistant to hostile enchantments, very unstealthy
A: no food or potions, fire vulnerability, cold resistance 1, negative energy
resistance 3, torment resistance, unbreathing
a: Renounce Religion


Innate Abilities, Weirdness & Mutations

You do not eat or drink.
Your flesh is vulnerable to fire.
You are immune to poison.
Your flesh is cold resistant.
You are immune to negative energy.
You are immune to unholy pain and torment.
You can survive without breathing.

Inventory:

Hand Weapons
 a - a +0 falchion of chaos
 b - a +1 dagger of venom (weapon)
Armour
 g - a +2 leather armour (worn)
 m - a +0 helmet (worn)
Jewellery
 c - a ring of protection from fire (left hand)
Wands
 n - a wand of disintegration (10)
Scrolls
 d - 3 scrolls of blinking {unknown}
 e - a scroll of teleportation {unknown}
 f - a scroll of amnesia {unknown}
 h - 2 scrolls of enchant armour {unknown}
 i - a scroll of identify {unknown}
 j - a scroll of noise {unknown}
 k - a scroll of recharging {unknown}
 l - a scroll of immolation {unknown}


   Skills:
 - Level 3.0 Fighting
 * Level 4.4 Long Blades
 + Level 3.1 Armour
 - Level 0.7 Dodging


You had 4 spell levels left.
You didn't know any spells.


You were on level 6 of the Dungeon.
You worshipped Xom.
You were a plaything of Xom.
You were not hungry.

You visited 1 branch of the dungeon, and saw 4 of its levels.
You also visited: Sewer.

You collected 130 gold pieces.

#...≈≈#########
..........
#####.####..
.#.....≈..
#.#...
##...⌠≈..
#.#.###.#
#..≈≈≈.#
#.......#
#......#
####.#####
#+######
#.......#
#.#####.# # #@#
#..J.# #..#....
...###.###
#.....#..#
..###...## . #
.## ..

Notes
Turn   | Place    | Note
--------------------------------------------------------------
     0 | D:1      | ololoev the Mummy Chaos Knight began the quest for the Orb.
     0 | D:1      | Reached XP level 1. HP: 18/18 MP: 1/1
    38 | D:1      | XOM: butterfly on damage
   150 | D:1      | XOM: silly message
   408 | D:1      | Reached XP level 2. HP: 22/24 MP: 2/2
   479 | D:1      | XOM: silly message
   813 | D:2      | XOM: 2-stop teleportation journey
   984 | D:2      | Reached XP level 3. HP: 22/29 MP: 3/3
   993 | D:2      | XOM: enchant monster (bad)
  1080 | D:2      | XOM: 5-stop teleportation journey
  1297 | D:2      | XOM is BORED!
  1297 | D:2      | XOM: medium Fire miscast
  1704 | D:3      | Reached XP level 4. HP: 25/35 MP: 4/4
  1892 | D:3      | You fall through a shaft for 3 floors!
  1989 | D:6      | Found a glowing drain.
  1995 | Sewer    | Entered a sewer
  2010 | Sewer    | Reached skill level 4 in Long Blades
  2028 | Sewer    | XOM: noise
  2048 | Sewer    | Noticed a crocodile
  2062 | Sewer    | Killed a crocodile
  2062 | Sewer    | Reached XP level 5. HP: 14/41 MP: 5/5
  2371 | D:6      | HP: 2/41 [acid (4)]
  2371 | D:6      | Splashed by a jelly's acid

Dungeon Overview and Level Annotations

Branches:
Dungeon (6/15)
 Temple: D:4-7

Altars:


Message History

You hit the jelly.
Your hands burn!
The jelly is moderately wounded.
The jelly hits you but does no damage.
You hit the jelly. The acid corrodes you!
Your hands burn!
The jelly is severely wounded.
You hit the jelly.
Your hands burn!
The jelly is severely wounded.
The jelly hits you.
You are splashed with acid!
The acid corrodes you!
The acid burns!
You are too injured to fight recklessly!
You are too injured to fight recklessly!
You are too injured to fight recklessly!
You are too injured to fight recklessly!
You are too injured to fight recklessly!
You are too injured to fight recklessly!
You are too injured to fight recklessly!
You are too injured to fight recklessly!
You are too injured to fight recklessly!
You are too injured to fight recklessly!
You are too injured to fight recklessly!
You are too injured to fight recklessly!
You are too injured to fight recklessly!
You are too injured to fight recklessly!
You are too injured to fight recklessly!
You are too injured to fight recklessly!
You hit the jelly.
Your hands burn!
The jelly is severely wounded.
The jelly hits you.
You are splashed with acid!
The acid corrodes you!
The acid burns!
You hit the jelly but do no damage.
Your hands burn!
The jelly is severely wounded.
The jelly barely misses you.
You hit the jelly but do no damage.
Your hands burn!
The jelly is severely wounded.
The jelly barely misses you.
You hit the jelly but do no damage.
Your hands burn!
The jelly is severely wounded.
The jelly hits you.
You are splashed with acid!
The acid burns!
You die...
Xom giggles madly!

You could see a jelly.

Vanquished Creatures
  A crocodile (Sewer)
  An orc priest (D:3)
  An orc wizard (D:3)
  3 adders (D:2)
  A worm (D:2)
  3 giant geckos
  3 orcs (D:3)
  4 hobgoblins
  2 jackals (Sewer)
  2 bats (D:1)
  A giant cockroach (D:3)
  A giant newt (D:2)
  7 goblins (D:2)
  8 kobolds
  6 rats
44 creatures vanquished.

Action                   |  1- 3 |  4- 6 || total
-------------------------+-------+-------++-------
Melee: Falchion          |    21 |       ||    21
       Dagger            |    86 |    45 ||   131

Vault maps used:
D:1:      evilmike_arrival_plus
D:2:      kennysheep_the_goblin_king
D:3:      old_standard_altar, uniq_terence
D:6:      grunt_temple_overflow_open, led_sif_book, lightli_sewer_entry_pipes,
          basic_altar, roderic_roman_lattice, minmay_strange_pillars,
          corexii_leaking_fountain, uniq_duvessa, uniq_eustachio
Sewer:    sewer_the_crocodile
